 Dungeon Crawl Stone Soup version 0.27-a0-1036-g8e1b44f6bd (webtiles) character file.

Game seed: 696851986755002674

32 tardwrangler69 the Digger (level 3, 0/26 HPs)
             Began as a Draconian Earth Elementalist on Apr 18, 2021.
             Slain by a wyvern skeleton (13 damage)
             ... on level 2 of the Dungeon.
             The game lasted 00:00:58 (1625 turns).

tardwrangler69 the Digger (DrEE)                    Turns: 1625, Time: 00:00:58

Health: 0/26       AC:  5    Str: 10    XL:     3   Next: 10%
Magic:  4/6        EV: 12    Int: 16    God:
Gold:   24         SH:  0    Dex: 11    Spells: 5/6 levels left

rFire    . . .     SeeInvis .   a - +0 long sword
rCold    . . .     Faith    .   (no shield)
rNeg     . . .     Spirit   .   (armour unavailable)
rPois    .         Reflect  .   (helmet restricted)
rElec    .         Harm     .   (no cloak)
rCorr    .         Rampage  .   (no gloves)
Will     .....                  (no boots)
Stlth    ++........             (no amulet)
HPRegen  0.08/turn              (no ring)
MPRegen  0.10/turn              (no ring)

@: no status effects
A: AC +5, unfitting armour, cold-blooded
a: no special abilities


You were on level 2 of the Dungeon.
You visited 1 branch of the dungeon, and saw 2 of its levels.

You collected 24 gold pieces.

Inventory:

Hand Weapons
 a - a +0 long sword (weapon)
Missiles
 b - 82 stones
Scrolls
 c - a scroll of brand weapon {unknown}
Potions
 e - a potion of heal wounds {unknown}
 f - a potion of invisibility {unknown}


   Skills:
 - Level 1.7 Dodging
 - Level 1.7 Stealth
 + Level 2.4 Spellcasting
 - Level 1.0 Transmutations
 * Level 3.9 Earth Magic


You had 5 spell levels left.
You knew the following spells:

 Your Spells              Type           Power      Damage    Failure   Level
a - Sandblast             Erth           28%        2d8       4%          1

Your spell library contained the following spells:

 Spells                   Type           Power      Damage    Failure   Level
 Passwall                 Tmut/Erth      7%         N/A       11%         2
 Stone Arrow              Conj/Erth      16%        3d8       26%         3
 Confusing Touch          Hex            1%         N/A       52%         3
 Gell's Gravitas          Tloc           0%         N/A       52%         3
 Petrify                  Tmut/Erth      9%         N/A       56%         4
 Lee's Rapid Deconstruct  Erth           7%         3d7*      73%         5
 Metabolic Englaciation   Hex/Ice        0%         N/A       99%         5
 Yara's Violent Unravell  Hex/Tmut       1%         3d3       99%         5


Dungeon Overview and Level Annotations

Branches:
Dungeon (2/15)

Altars:

Annotations:
D:2 Terence


Innate Abilities, Weirdness & Mutations

Your plain brown scales are hard. (AC +5)
You cannot fit into any form of body armour.
You are cold-blooded and may be slowed by cold attacks.


Message History

The adder barely misses you.
You riposte.
You hit the adder.
The adder is heavily wounded.
Casting: Sandblast (safe; 4% risk of failure)
Confirm with . or Enter, or press ? or * to list all spells.
Aiming: Sandblast (safe; 4% risk of failure)
Press: ? - help, Shift-Dir - straight line, f/p - adder
Aim: an adder (heavily wounded, 66% to hit)
The blast of sand hits the adder!
You kill the adder!
You have reached level 3!
Your experience leads to an increase in your attributes!
Increase (S)trength, (I)ntelligence, or (D)exterity?
You feel clever.
Your scales feel tougher.
A wyvern skeleton comes into view.
There is an open door here.
A wyvern skeleton is nearby!
A wyvern skeleton is nearby!
A wyvern skeleton is nearby!
A wyvern skeleton is nearby!
Found a brown potion.
Casting: Sandblast (safe; 4% risk of failure)
Confirm with . or Enter, or press ? or * to list all spells.
Aiming: Sandblast (safe; 4% risk of failure)
Press: ? - help, Shift-Dir - straight line, f - wyvern skeleton
Aim: a wyvern skeleton (98% to hit)
The blast of sand hits the wyvern skeleton!
The wyvern skeleton is moderately damaged.
The wyvern skeleton barely misses you.
Casting: Sandblast (safe; 4% risk of failure)
Confirm with . or Enter, or press ? or * to list all spells.
Aiming: Sandblast (safe; 4% risk of failure)
Press: ? - help, Shift-Dir - straight line, f/p - wyvern skeleton
Aim: a wyvern skeleton (moderately damaged, 98% to hit)
The blast of sand hits the wyvern skeleton!
The wyvern skeleton is severely damaged.
The wyvern skeleton bites you!
Ouch! That really hurt!
The wyvern skeleton bites you!
Ouch! That really hurt!
You die...

##.#....###.#......#
#.#
.........##.##.##..#
#.#
###......##....##..#
#.#
#......########..#
#.# #.....(#
#..###.# #......#
#......# ##.....<#
##.##### #.......#
####'## #.#.....#
#Z@...#
#...#...#..........#
###.#...#!####.....#
#.#...# +.....#
#....## #.....#
#....# ##+####
#....# ######


You could see a wyvern skeleton.

Vanquished Creatures
  An adder (D:2)
  A dart slug (D:1)
  A worm (D:2)
  A ball python (D:2)
  2 bats (D:1)
  A giant cockroach (D:1)
  3 goblins (D:1)
  4 hobgoblins
  2 kobolds (D:1)
  A quokka (D:1)
17 creatures vanquished.

Notes
Turn   | Place    | Note
-------+----------+-------------------------------------------
     0 | D:1      | tardwrangler69 the Draconian Earth Elementalist began the
                  | quest for the Orb.
     0 | D:1      | Reached XP level 1. HP: 14/14 MP: 3/3
   342 | D:1      | Reached XP level 2. HP: 19/20 MP: 5/5
  1349 | D:2      | Noticed Terence
  1418 | D:2      | HP: 1/20 [adder (4)]
  1421 | D:2      | Reached XP level 3. HP: 10/26 MP: 3/6
  1625 | D:2      | Slain by a wyvern skeleton

Illustrated notes

Levels and vault maps discovered:
D:1:      dpeg_arrival_prison, layout_basic, minmay_tiny_reverse_x
D:2:      layout_basic, minmay_misc_feat_diagonals, uniq_jessica, uniq_terence

Action                   || total
-------------------------++-------
Melee: Long sword        ||    51
       Unarmed           ||     4
       Tailslap          ||     6
 Cast: Sandblast         ||    10
  Use: Potion            ||     1
 Stab: Sleeping          ||     2
Armor: Skin              ||    24
Dodge: Dodged            ||    37
       Rpst.: Long sword ||    13

Table legend: (Time is in decaauts)
 A = Elapsed time spent in this place.
 B = Non-inter-level travel time spent in this place.
 C = Inter-level travel time spent in this place.
 D = Time resting spent in this place.
 E = Time spent auto-exploring this place.
 F = Levels seen in this place.
 G = Mean time per level.
                   A        B        C        D        E       F      G
               +--------+--------+--------+--------+--------+-----+--------+
         Total |   1644 |   1605 |     39 |      0 |   1438 |   2 |  822.0 |
       Dungeon |   1644 |   1605 |     39 |      0 |   1438 |   2 |  822.0 |
               +--------+--------+--------+--------+--------+-----+--------+

Top non-repeatable levels by time:
     D:1: 1158 daAuts
     D:2: 486 daAuts
